 Dungeon Crawl Stone Soup version 0.20.1-1-g8b1a95d (webtiles) character file.

242 Schiappus the Skirmisher (level 5, -1/63 HPs)
             Began as a Demonspawn Berserker on Sept 24, 2017.
             Was a Priest of Trog.
             Slain by an orc wizard
             ... wielding a +0 dagger
              (5 damage)
             ... on level 4 of the Dungeon.
             The game lasted 00:12:17 (2858 turns).

Schiappus the Skirmisher (Demonspawn Berserker)     Turns: 2858, Time: 00:12:19

Health: -1/63      AC:  9    Str: 24    XL:     5   Next: 81%
Magic:  5/5        EV:  8    Int:  8    God:    Trog [***...]
Gold:   173        SH:  9    Dex: 12    Spells: 4/4 levels left

rFire    + . .     SeeInvis .   a - +0 hand axe
rCold    . . .     Gourm    .   g - +0 shield
rNeg     . . .     Faith    .   d - +0 scale mail
rPois    .         Spirit   .   (no helmet)
rElec    .         Reflect  .   j - +0 cloak
rCorr    .         Harm     .   (no gloves)
MR       .....                  (no boots)
Stlth    ..........             o - amulet of rage (curse)
Regen    0.2/turn               f - ring of protection from fire
MPRegen  0.1/turn               (no ring)

@: berserking, very quick
A: yellow scales 1
a: Berserk, Trog's Hand, Burn Spellbooks, Renounce Religion, Evoke Berserk Rage


You were on level 4 of the Dungeon.
You worshipped Trog.
Trog was most pleased with you.
You were very hungry.

You visited 1 branch of the dungeon, and saw 4 of its levels.

You collected 173 gold pieces.

Inventory:

Hand Weapons
 a - a +0 hand axe (weapon)
Armour
 d - a +0 scale mail (worn)
 g - a +0 shield (worn)
 j - a +0 cloak (worn)
Jewellery
 f - a ring of protection from fire (left hand)
 o - a cursed amulet of rage (around neck)
Wands
 p - a wand of lightning (8/15)
Potions
 e - a potion of might
 h - a potion of magic
 n - a potion of flight
Comestibles
 c - 3 bread rations
 q - 2 meat rations


   Skills:
 + Level 4.2 Fighting
 + Level 4.1 Axes
 + Level 2.1 Armour
 + Level 2.8 Dodging
 + Level 0.4 Stealth
 + Level 1.6 Shields


You had 4 spell levels left.
You didn't know any spells.

Dungeon Overview and Level Annotations

Branches:
Dungeon (4/15)
 Temple: D:4-7

Altars:
Gozag
Hepliaklqana
Nemelex Xobeh
Ru
Xom


Innate Abilities, Weirdness & Mutations

You are partially covered in yellow scales. (AC +2)


Message History

You hit the orc wizard.
The orc hits you from afar with a trident of piercing.
* * * LOW HITPOINT WARNING * * *
x2 The orc wizard hits you but does no damage.
You block the orc wizard's attack.
A red film seems to cover your vision as you go berserk!
You feel yourself moving faster!
You feel mighty!
You are feeling very hungry.
You hear the slow rusting of a very distant drain.
The orc wizard misses you. The orc hits you but does no damage.
The orc wizard hits you but does no damage.
You block the orc wizard's attack.
You hit the orc wizard.
The orc wizard is almost dead.
You closely miss the orc wizard.
The orc hits you from afar with a trident of piercing!
* * * LOW HITPOINT WARNING * * *
x2 The orc wizard hits you but does no damage.
The orc wizard hits you with a dagger.
You die...

#... #.......# #... #
#.......# #... #.
#.......# #... #..
#.......# #... #...
#.......####### #....
#.......+...#
.....o#####.......###.###
....ssoo@.'.......+......
.....o##o##.......##.....
..### #.##.#####..'.....
#.##.# ####..... #.##.#
##.... #.##.# #....
#.##.# #.... #.##.# #....
#.##.# ......


You could see a scorpion, 2 orc wizards, 3 orcs and a giant cockroach.

Vanquished Creatures
  An orc priest (D:3)
  2 orc wizards
  A worker ant (D:4)
  3 adders
  A shadow imp (D:3)
  A worm (D:2)
  2 dart slugs (D:1)
  A leopard gecko (D:2)
  15 orcs (D:3)
  A ball python (D:3)
  4 giant cockroaches
  10 goblins
  5 hobgoblins
  10 bats
  4 frilled lizards
  6 kobolds
  10 rats
77 creatures vanquished.

Vanquished Creatures (others)
  A dart slug (D:1)
1 creature vanquished.

Grand Total: 78 creatures vanquished

Notes
Turn   | Place    | Note
-------+----------+-------------------------------------------
     0 | D:1      | Schiappus the Demonspawn Berserker began the quest for the Orb.
     0 | D:1      | Reached XP level 1. HP: 18/18 MP: 1/1
   285 | D:1      | Gained mutation: You are partially covered in yellow scales. (AC +2) [demonic ancestry]
   285 | D:1      | Reached XP level 2. HP: 19/24 MP: 2/2
   693 | D:1      | Reached ** piety under Trog
   718 | D:1      | Reached XP level 3. HP: 27/29 MP: 3/3
  1144 | D:2      | Found an opulent altar of Gozag.
  1145 | D:2      | Found a sparkling altar of Nemelex Xobeh.
  1194 | D:2      | Found a faded altar of an unknown god.
  1335 | D:2      | Found a hazy altar of Hepliaklqana.
  1381 | D:2      | Found a sacrificial altar of Ru.
  1392 | D:2      | Reached XP level 4. HP: 37/37 MP: 4/4
  1507 | D:2      | Reached skill level 1 in Shields
  1619 | D:2      | You fall through a shaft!
  1632 | D:3      | Reached *** piety under Trog
  1632 | D:3      | Reached XP level 5. HP: 36/42 MP: 5/5
  2195 | D:3      | Found a shimmering altar of Xom.
  2858 | D:4      | Slain by an orc wizard

Skill      XL: |  1  2  3  4  5 |
---------------+----------------+-----
Axes           | 3 4 |  4.1
Dodging        | 2 |  2.8
Shields        | 1 |  1.6
Fighting       | 4 |  4.2
Armour         | 2 |  2.1
Stealth        | |  0.4

Action                   |  1- 3 |  4- 6 || total
-------------------------+-------+-------++-------
Melee: Hand axe          |   148 |   124 ||   272
Invok: Berserk           |       |     3 ||     3
  Use: Scroll            |     5 |     4 ||     9
       Potion            |     1 |     2 ||     3
 Stab: Paralysed         |       |     2 ||     2
       Sleeping          |       |     1 ||     1
  Eat: Chunk             |     2 |     3 ||     5
       Fruit             |       |     4 ||     4
Armor: Animal skin       |    69 |    23 ||    92
       Scale mail        |       |    64 ||    64
Dodge: Dodged            |    95 |    41 ||   136
Block: Shield            |    65 |    61 ||   126
